| TOP OF THE 1ST |
|
Chicago (NYP) White Sox batting - Pitching for Connecticut Tigers : RHP Alan Grossfeld
|
|
Pitching: RHP Alan Grossfeld
|
|
|
Batting: SHB Tomas Caldera
|
0-0: Ball 1-0: Ball 2-0: Foul Ball, location: 2F 2-1: Ball 3-1: Ground out 6-3 (Groundball, 56, EV 105.6 MPH)
|
|
Batting: RHB Bastiaan Leenders
|
0-0: Ball 1-0: Ball 2-0: Ball 3-0: Called Strike 3-1: Ground out 3-1 (Groundball, 34, EV 104.4 MPH)
|
|
Batting: SHB Veit Geisler
|
0-0: Ball 1-0: Foul Ball, location: 2F 1-1: Swinging Strike 1-2: Strikes out swinging
|
| Top of the 1st over - 0 runs, 0 hits, 0 errors, 0 left on base; Chicago (NYP) 0 - Connecticut 0 |
| BOTTOM OF THE 1ST |
|
Connecticut Tigers batting - Pitching for Chicago (NYP) White Sox : RHP Ari Kuusinen
|
|
Pitching: RHP Ari Kuusinen
|
|
|
Batting: RHB Janne Vihko
|
0-0: SINGLE (Line Drive, 9LM, EV 90.0 MPH)
|
|
Batting: RHB Khalil Coleman
|
0-0: Fielders Choice at 2nd, 1-6 (Groundball, 23, EV 63.8 MPH)
|
|
Batting: RHB Jaden Warrior
|
0-0: Grounds into double play, 5-4-3 (Groundball, 5S, EV 86.2 MPH)
|
| Bottom of the 1st over - 0 runs, 1 hit, 0 errors, 0 left on base; Chicago (NYP) 0 - Connecticut 0 |
| TOP OF THE 2ND |
|
Chicago (NYP) White Sox batting - Pitching for Connecticut Tigers : RHP Alan Grossfeld
|
|
Batting: RHB Tony Garcia
|
0-0: Called Strike 0-1: Ground out 6-3 (Groundball, 56, EV 81.2 MPH)
|
|
Batting: RHB Tyrell Camp
|
0-0: Ground out 6-3 (Groundball, 6, EV 85.6 MPH)
|
|
Batting: SHB Andres Agudo
|
0-0: Swinging Strike 0-1: Swinging Strike 0-2: Ball 1-2: Strikes out looking
|
| Top of the 2nd over - 0 runs, 0 hits, 0 errors, 0 left on base; Chicago (NYP) 0 - Connecticut 0 |
| BOTTOM OF THE 2ND |
|
Connecticut Tigers batting - Pitching for Chicago (NYP) White Sox : RHP Ari Kuusinen
|
|
Batting: LHB Antonio Luis
|
0-0: Ball 1-0: Ground out 4-3 (Groundball, 4M, EV 85.0 MPH)
|
|
Batting: RHB Jeremiah Washington
|
0-0: Called Strike 0-1: SINGLE (Groundball, 6MD, EV 96.9 MPH)
|
|
Batting: RHB Juan Acero
|
0-0: SINGLE (Groundball, 6D, EV 98.8 MPH) Jeremiah Washington to second
|
|
Batting: SHB Ian Arlotta
|
0-0: Ball 1-0: Swinging Strike 1-1: Ball 2-1: Called Strike 2-2: Ball 3-2: Base on Balls Jeremiah Washington to third Juan Acero to second
|
|
Batting: RHB Kaleb Yerger
|
0-0: Ball 1-0: Ball 2-0: Ball 3-0: Called Strike 3-1: Base on Balls Jeremiah Washington scores Juan Acero to third Ian Arlotta to second
|
|
Batting: RHB Yankel Pensak
|
0-0: Ball 1-0: Called Strike 1-1: Called Strike 1-2: Ball 2-2: Fly out, F9 (Line Drive, 9D, EV 91.9 MPH) Runner from 3rd tags up, SCORES, no throw by RF Ian Arlotta to third
|
|
Batting: RHB Janne Vihko
|
0-0: Ball 1-0: Ball 2-0: Ball Passed Ball! Ian Arlotta scores Kaleb Yerger to second 3-0: Ground out 5-3 (Groundball, 56S, EV 86.2 MPH)
|
| Bottom of the 2nd over - 3 runs, 2 hits, 0 errors, 1 left on base; Chicago (NYP) 0 - Connecticut 3 |
| TOP OF THE 3RD |
|
Chicago (NYP) White Sox batting - Pitching for Connecticut Tigers : RHP Alan Grossfeld
|
|
Batting: RHB Kunimatsu Oya
|
0-0: Foul Ball, location: 2F 0-1: Ball 1-1: Swinging Strike 1-2: Foul Ball, location: 2F 1-2: Ball 2-2: Strikes out looking
|
|
Batting: RHB Eduardo Calderon
|
0-0: Foul Ball, location: 2F 0-1: Ball 1-1: Foul Ball, location: 2F 1-2: Ball 2-2: Ball 3-2: Foul Ball, location: 2F 3-2: Base on Balls
|
|
Batting: SHB Noah Long
|
0-0: Hit by Pitch Eduardo Calderon to second
|
|
Batting: SHB Tomas Caldera
|
0-0: Grounds into double play, 4-6-3 (Groundball, 4S, EV 81.9 MPH)
|
| Top of the 3rd over - 0 runs, 0 hits, 0 errors, 1 left on base; Chicago (NYP) 0 - Connecticut 3 |
| BOTTOM OF THE 3RD |
|
Connecticut Tigers batting - Pitching for Chicago (NYP) White Sox : RHP Ari Kuusinen
|
|
Batting: RHB Khalil Coleman
|
0-0: Called Strike 0-1: Foul Ball, location: 2F 0-2: DOUBLE (Line Drive, 89D, EV 106.2 MPH)
|
|
Batting: RHB Jaden Warrior
|
0-0: Called Strike 0-1: Ball 1-1: Fly out, F3 (Popup, 34S, EV 80.6 MPH)
|
|
Batting: LHB Antonio Luis
|
0-0: Ball 1-0: Called Strike 1-1: SINGLE (Groundball, 6MD, EV 96.2 MPH) Khalil Coleman to third Runner from 3rd tries for Home, throw by CF and OUT! 8-2 Antonio Luis to second
|
|
Batting: RHB Jeremiah Washington
|
0-0: Swinging Strike 0-1: Fly out, F9 (Flyball, 89S, EV 88.8 MPH)
|
| Bottom of the 3rd over - 0 runs, 2 hits, 0 errors, 1 left on base; Chicago (NYP) 0 - Connecticut 3 |
| TOP OF THE 4TH |
|
Chicago (NYP) White Sox batting - Pitching for Connecticut Tigers : RHP Alan Grossfeld
|
|
Batting: RHB Bastiaan Leenders
|
0-0: Called Strike 0-1: Called Strike 0-2: Foul Ball, location: 2F 0-2: Ball 1-2: Ball 2-2: Ball 3-2: Ground out 1-3 (Groundball, 13, EV 66.9 MPH)
|
|
Batting: SHB Veit Geisler
|
0-0: Ball 1-0: Ball 2-0: Ball 3-0: Base on Balls
|
|
Batting: RHB Tony Garcia
|
0-0: Ball Veit Geisler steals 2nd base 1-0: Ball 2-0: Ball 3-0: SINGLE (Flyball, 34D, EV 90.0 MPH) Veit Geisler to third
|
|
Batting: RHB Tyrell Camp
|
0-0: Ball 1-0: SINGLE (Groundball, 13, EV 88.1 MPH) (infield hit) Veit Geisler scores Tony Garcia to second
|
|
Batting: SHB Andres Agudo
|
0-0: Ball 1-0: Ball 2-0: TRIPLE (Flyball, 9LD, EV 98.8 MPH) Tony Garcia scores Tyrell Camp scores
|
|
Batting: RHB Kunimatsu Oya
|
0-0: Fly out, F9 (Flyball, 9D, EV 81.9 MPH) Runner from 3rd tags up, SCORES, throw by RF
|
|
Batting: RHB Eduardo Calderon
|
0-0: Called Strike 0-1: Ball 1-1: Ball 2-1: Swinging Strike 2-2: Foul Ball, location: 2F 2-2: Strikes out swinging
|
| Top of the 4th over - 4 runs, 3 hits, 0 errors, 0 left on base; Chicago (NYP) 4 - Connecticut 3 |
| BOTTOM OF THE 4TH |
|
Connecticut Tigers batting - Pitching for Chicago (NYP) White Sox : RHP Ari Kuusinen
|
|
Batting: RHB Juan Acero
|
0-0: Ball 1-0: Called Strike 1-1: Ground out 6-3 (Groundball, 56, EV 85.0 MPH)
|
|
Batting: SHB Ian Arlotta
|
0-0: Ground out 4-3 (Groundball, 4D, EV 101.9 MPH)
|
|
Batting: RHB Kaleb Yerger
|
0-0: Called Strike 0-1: Swinging Strike 0-2: Strikes out swinging
|
| Bottom of the 4th over - 0 runs, 0 hits, 0 errors, 0 left on base; Chicago (NYP) 4 - Connecticut 3 |
| TOP OF THE 5TH |
|
Chicago (NYP) White Sox batting - Pitching for Connecticut Tigers : RHP Alan Grossfeld
|
|
Batting: SHB Noah Long
|
0-0: Ball 1-0: Ball 2-0: Foul Ball, location: 2F 2-1: Ball 3-1: Foul Ball, location: 2F 3-2: Strikes out swinging
|
|
Batting: SHB Tomas Caldera
|
0-0: Ball 1-0: Foul Ball, location: 2F 1-1: Called Strike 1-2: Foul Ball, location: 2F 1-2: SINGLE (Groundball, 6M, EV 103.1 MPH) (infield hit)
|
|
Batting: RHB Bastiaan Leenders
|
0-0: Ball Tomas Caldera steals 2nd base 1-0: Ball 2-0: Called Strike 2-1: SINGLE (Groundball, 4S, EV 70.0 MPH) (infield hit) Tomas Caldera to third
|
|
Batting: SHB Veit Geisler
|
0-0: Called Strike 0-1: Ball 1-1: Ball 2-1: Foul Ball, location: 2F 2-2: Strikes out looking
|
|
Batting: RHB Tony Garcia
|
0-0: Called Strike 0-1: Reached on error, E6 (Groundball, 56D, EV 107.5 MPH) Tomas Caldera scores Bastiaan Leenders to second
|
|
Batting: RHB Tyrell Camp
|
0-0: Ground out 3-1 (Groundball, 34S, EV 87.5 MPH)
|
| Top of the 5th over - 1 run, 2 hits, 1 error, 2 left on base; Chicago (NYP) 5 - Connecticut 3 |
| BOTTOM OF THE 5TH |
|
Connecticut Tigers batting - Pitching for Chicago (NYP) White Sox : RHP Ari Kuusinen
|
|
Batting: RHB Yankel Pensak
|
0-0: Called Strike 0-1: Ball 1-1: Swinging Strike 1-2: Foul Ball, location: 2F 1-2: Strikes out swinging
|
|
Batting: RHB Janne Vihko
|
0-0: Swinging Strike 0-1: Ball 1-1: SINGLE (Groundball, 6MD, EV 101.2 MPH)
|
|
Batting: RHB Khalil Coleman
|
0-0: Called Strike 0-1: Ball 1-1: Swinging Strike 1-2: Foul Ball, location: 2F 1-2: Grounds into double play, 6-4-3 (Groundball, 6, EV 100.0 MPH)
|
| Bottom of the 5th over - 0 runs, 1 hit, 0 errors, 0 left on base; Chicago (NYP) 5 - Connecticut 3 |
| TOP OF THE 6TH |
|
Chicago (NYP) White Sox batting - Pitching for Connecticut Tigers : RHP Alan Grossfeld
|
|
Batting: SHB Andres Agudo
|
0-0: Called Strike 0-1: Ball 1-1: Foul Ball, location: 2F 1-2: Strikes out swinging
|
|
Batting: RHB Kunimatsu Oya
|
0-0: Ball 1-0: Swinging Strike 1-1: Ball 2-1: Foul Ball, location: 2F 2-2: Ball 3-2: TRIPLE (Flyball, 78XD, EV 95.6 MPH)
|
|
Batting: RHB Eduardo Calderon
|
0-0: Ball 1-0: Ball 2-0: Ball 3-0: Called Strike 3-1: Base on Balls
|
|
Batting: SHB Noah Long
|
0-0: Ball 1-0: Fielders Choice at 2nd, 6-4 (Groundball, 6, EV 83.8 MPH) Kunimatsu Oya scores
|
|
Batting: SHB Tomas Caldera
|
Pickoff Throw to First - Out! 1-3
|
| Top of the 6th over - 1 run, 1 hit, 0 errors, 0 left on base; Chicago (NYP) 6 - Connecticut 3 |
| BOTTOM OF THE 6TH |
|
Connecticut Tigers batting - Pitching for Chicago (NYP) White Sox : RHP Ari Kuusinen
|
|
Batting: RHB Jaden Warrior
|
0-0: Foul Ball, location: 2F 0-1: Called Strike 0-2: Foul Ball, location: 2F 0-2: Strikes out swinging
|
|
Batting: LHB Antonio Luis
|
0-0: Ball 1-0: Called Strike 1-1: Called Strike 1-2: Strikes out swinging
|
|
Batting: RHB Jeremiah Washington
|
0-0: Ball 1-0: Ground out 6-3 (Groundball, 6, EV 85.0 MPH)
|
| Bottom of the 6th over - 0 runs, 0 hits, 0 errors, 0 left on base; Chicago (NYP) 6 - Connecticut 3 |
| TOP OF THE 7TH |
|
Chicago (NYP) White Sox batting - Pitching for Connecticut Tigers : RHP Alan Grossfeld
|
|
Pitching: RHP Juan Murillo
|
|
|
Batting: SHB Tomas Caldera
|
0-0: Ball 1-0: Called Strike 1-1: Ball 2-1: Called Strike 2-2: Ball 3-2: Ground out 4-3 (Groundball, 4, EV 90.0 MPH)
|
|
Batting: RHB Bastiaan Leenders
|
0-0: Ball 1-0: Ball 2-0: Called Strike 2-1: Ball 3-1: Foul Ball, location: 2F 3-2: Foul Ball, location: 2F 3-2: Foul Ball, location: 2F 3-2: Strikes out looking
|
|
Batting: SHB Veit Geisler
|
0-0: DOUBLE (Line Drive, 78D, EV 108.8 MPH)
|
|
Batting: RHB Tony Garcia
|
0-0: Called Strike 0-1: Ball 1-1: Ball 2-1: Swinging Strike 2-2: Fly out, F7 (Line Drive, 78D, EV 90.0 MPH)
|
| Top of the 7th over - 0 runs, 1 hit, 0 errors, 1 left on base; Chicago (NYP) 6 - Connecticut 3 |
| BOTTOM OF THE 7TH |
|
Connecticut Tigers batting - Pitching for Chicago (NYP) White Sox : RHP Ari Kuusinen
|
|
Batting: RHB Juan Acero
|
0-0: Ball 1-0: Called Strike 1-1: Foul Ball, location: 2F 1-2: Ground out 5-3 (Groundball, 56, EV 82.5 MPH)
|
|
Batting: SHB Ian Arlotta
|
0-0: SINGLE (Flyball, 8RS, EV 88.8 MPH)
|
|
Batting: RHB Kaleb Yerger
|
0-0: Fielders Choice at 2nd, 5-4 (Groundball, 56S, EV 80.6 MPH)
|
|
Batting: RHB Yankel Pensak
|
0-0: SINGLE (Line Drive, 56D, EV 100.0 MPH) Kaleb Yerger to second
|
|
Batting: RHB Janne Vihko
|
0-0: Foul Ball, location: 2F 0-1: Fly out, F3 (Popup, 3, EV 70.6 MPH)
|
| Bottom of the 7th over - 0 runs, 2 hits, 0 errors, 2 left on base; Chicago (NYP) 6 - Connecticut 3 |
| TOP OF THE 8TH |
|
Chicago (NYP) White Sox batting - Pitching for Connecticut Tigers : RHP Juan Murillo
|
|
Pitching: LHP Victor Villarreal
|
|
|
Batting: RHB Tyrell Camp
|
0-0: Ball 1-0: Ground out 6-3 (Groundball, 6MD, EV 101.9 MPH)
|
|
Batting: SHB Andres Agudo
|
0-0: Foul Ball, location: 2F 0-1: Called Strike 0-2: Ball 1-2: Fly out, F4 (Popup, 34, EV 78.1 MPH)
|
|
Batting: RHB Kunimatsu Oya
|
0-0: Called Strike 0-1: Called Strike 0-2: Ball 1-2: Ball 2-2: SINGLE (Groundball, 56S, EV 70.0 MPH) (infield hit)
|
|
Batting: RHB Eduardo Calderon
|
0-0: Called Strike 0-1: Ball 1-1: Swinging Strike 1-2: SINGLE (Groundball, 56D, EV 98.1 MPH) Kunimatsu Oya to second
|
|
Batting: SHB Noah Long
|
0-0: SINGLE (Groundball, 4MD, EV 106.2 MPH) Kunimatsu Oya to third Eduardo Calderon to second Runner from 3rd tries for Home, SAFE, throw by CF to home
|
|
Batting: SHB Tomas Caldera
|
0-0: Ball 1-0: Called Strike 1-1: Ball 2-1: Foul Ball, location: 2F 2-2: Foul Ball, location: 2F 2-2: Strikes out swinging
|
| Top of the 8th over - 1 run, 3 hits, 0 errors, 2 left on base; Chicago (NYP) 7 - Connecticut 3 |
| BOTTOM OF THE 8TH |
|
Connecticut Tigers batting - Pitching for Chicago (NYP) White Sox : RHP Ari Kuusinen
|
|
Batting: RHB Khalil Coleman
|
0-0: Ball 1-0: Foul Ball, location: 2F 1-1: Foul Ball, location: 2F 1-2: Fly out, F6 (Popup, 6MS, EV 68.1 MPH)
|
|
Batting: RHB Jaden Warrior
|
0-0: Ball 1-0: Foul Ball, location: 2F 1-1: Foul Ball, location: 2F 1-2: Strikes out swinging
|
|
Batting: LHB Antonio Luis
|
0-0: Ball 1-0: Called Strike 1-1: Ball 2-1: Ball 3-1: Fly out, F8 (Flyball, 78S, EV 86.2 MPH)
|
| Bottom of the 8th over - 0 runs, 0 hits, 0 errors, 0 left on base; Chicago (NYP) 7 - Connecticut 3 |
| TOP OF THE 9TH |
|
Chicago (NYP) White Sox batting - Pitching for Connecticut Tigers : LHP Victor Villarreal
|
|
Batting: RHB Bastiaan Leenders
|
0-0: Foul Ball, location: 2F 0-1: Ball 1-1: Foul Ball, location: 2F 1-2: Fly out, F8 (Flyball, 8LD, EV 106.2 MPH)
|
|
Batting: SHB Veit Geisler
|
0-0: Called Strike 0-1: Foul Ball, location: 2F 0-2: Strikes out swinging
|
|
Batting: RHB Tony Garcia
|
0-0: Called Strike 0-1: Ball 1-1: Swinging Strike 1-2: Ball 2-2: Foul Ball, location: 2F 2-2: Strikes out swinging
|
| Top of the 9th over - 0 runs, 0 hits, 0 errors, 0 left on base; Chicago (NYP) 7 - Connecticut 3 |
| BOTTOM OF THE 9TH |
|
Connecticut Tigers batting - Pitching for Chicago (NYP) White Sox : RHP Ari Kuusinen
|
|
Pitching: LHP Jonas Jennings
|
|
|
Batting: RHB Jeremiah Washington
|
0-0: Ball 1-0: Ground out 6-3 (Groundball, 6, EV 109.4 MPH)
|
|
Batting: RHB Juan Acero
|
0-0: Ball 1-0: Called Strike 1-1: Ball 2-1: Ball 3-1: Base on Balls
|
|
Batting: SHB Ian Arlotta
|
0-0: Ball 1-0: Ball 2-0: Called Strike 2-1: Ball 3-1: SINGLE (Groundball, 56D, EV 103.1 MPH) Juan Acero to second
|
|
Batting: RHB Kaleb Yerger
|
0-0: Called Strike 0-1: Ball 1-1: Ball 2-1: Ball 3-1: Called Strike 3-2: Base on Balls Juan Acero to third Ian Arlotta to second
|
|
Batting: RHB Yankel Pensak
|
0-0: Swinging Strike 0-1: Called Strike 0-2: Ball 1-2: Strikes out swinging
|
|
Batting: RHB Janne Vihko
|
0-0: Fly out, F7 (Line Drive, 7S, EV 90.6 MPH)
|
| Bottom of the 9th over - 0 runs, 1 hit, 0 errors, 3 left on base; Chicago (NYP) 7 - Connecticut 3 |
|